 Dungeon Crawl Stone Soup version 0.30-a0-283-gf371ce1921 (webtiles) character file.

Game seed: 17780131954697676701

238866 Ijustatesigmund the Stormcaller (level 19, -14/155 HPs)
             Began as a Gnoll Fighter on Oct 17, 2022.
             Was the Champion of Cheibriados.
             Demolished by Mennas
             ... wielding a +0 trishula of holy wrath
              (36 damage)
             ... on level 4 of the Vaults.
             The game lasted 01:38:40 (31147 turns).

Ijustatesigmund the Stormcaller (Gnoll Fighter)    Turns: 31147, Time: 01:38:40

Health: -14/155    AC: 38    Str: 40    XL:     19   Next: 73%
Magic:  36/36      EV: 25    Int: 33    God:    Cheibriados [******]
Gold:   2423       SH: 27    Dex: 38    Spells: 33/45 levels left

rFire   + . .      SeeInvis .    p - +9 flail "Impbane" {protect, rF+ Dex+4 Stlth+}
rCold   + + +      Faith    .    Q - +2 tower shield {rC+}
rNeg    . . .      Spirit   .    B - +8 shadow dragon scales of the Arena {rPois rC+ Str+3 Int+3 Stlth++++}
rPois   +          Reflect  .    e - +2 helmet of Ruihaega {Str+4}
rElec   .          Harm     .    h - +2 cloak {Stlth+}
rCorr   .          Rampage  .    C - +1 pair of gloves of Apni {rC++ Regen+}
Will    +....                    v - +0 pair of boots "Ufenwaepn" {Int+3 Slay+2 Stlth+}
Stlth   +++++.....               n - amulet of regeneration
HPRegen 2.05/turn                r - +6 ring of dexterity
MPRegen 0.25/turn                a - ring of flight

@: flying, slowed, glowing, studying Air Magic, very slow
A: fangs 1, strong nose, distributed training, MP-powered wands
}: 1/15 runes: decaying
a: Renounce Religion, Bend Time, Temporal Distortion, Slouch, Step From Time


You were on level 4 of the Vaults.
You worshipped Cheibriados.
Cheibriados was exalted by your worship.
You visited 7 branches of the dungeon, and saw 32 of its levels.
You visited the Abyss 1 time.
You also visited: Sewer, Bailey, Gauntlet and Ice Cave.

You collected 3425 gold pieces.
You spent 1002 gold pieces at shops.

Inventory:

Hand Weapons
 p - the +9 flail "Impbane" (weapon) {protect, rF+ Dex+4 Stlth+}
   (You found it on level 2 of the Dungeon)

   It grants its wielder temporary protection when it strikes (+7 to AC).
   Dex:       It affects your dexterity (+4).
   rF:        It protects you from fire.
   Stlth:     It makes you more stealthy.
 P - a +5 vorpal broad axe
Missiles
 t - 4 throwing nets (quivered)
Armour
 e - the +2 helmet of Ruihaega (worn) {Str+4}
   (You found it in a Gauntlet)

   Str:       It affects your strength (+4).
 h - a +2 cloak of stealth (worn)
 v - the +0 pair of boots "Ufenwaepn" (worn) {Int+3 Slay+2 Stlth+}
   (You acquired it on level 15 of the Dungeon)

   Int:       It affects your intelligence (+3).
   Slay:      It affects your accuracy & damage with ranged weapons and melee
   (+2).
   Stlth:     It makes you more stealthy.
 B - the +8 shadow dragon scales of the Arena (worn) {rPois rC+ Str+3 Int+3 Stlth++++}
   (You took it off a minotaur in a Gauntlet)

   Str:       It affects your strength (+3).
   Int:       It affects your intelligence (+3).
   rC:        It protects you from cold.
   rPois:     It protects you from poison.
   Stlth:     It makes you much more stealthy.
 C - the +1 pair of gloves of Apni (worn) {rC++ Regen+}
   (You found it on level 7 of the Dungeon)

   rC:        It greatly protects you from cold.
   Regen:     It increases your rate of health regeneration.
 Q - a +2 tower shield of cold resistance (worn)
 V - the +2 leather armour of a bazaar {rPois rF++ Str+3}
   (You found it on level 1 of the Lair of Beasts)

   Str:       It affects your strength (+3).
   rF:        It greatly protects you from fire.
   rPois:     It protects you from poison.
 Z - a +1 hat of see invisible
Jewellery
 a - a ring of flight (right hand)
 c - the amulet of Truth {Reflect Fly rElec Dex+6 Slay-5 SH+5}
   (You found it in a Gauntlet)

   [amulet of reflection]

   It reflects blocked missile attacks.
   Dex:       It affects your dexterity (+6).
   Slay:      It affects your accuracy & damage with ranged weapons and melee
   (-5).
   rElec:     It insulates you from electricity.
   Fly:       It grants you flight.
   SH:        It affects your SH (+5).
 g - a ring of willpower
 l - a ring of wizardry
 n - an amulet of regeneration (around neck)
 r - a +6 ring of dexterity (left hand)
 J - a ring of protection from cold
 O - a ring of protection from fire
Wands
 f - a wand of light (4)
 D - a wand of digging (18)
 K - a wand of iceblast (40)
 R - a wand of polymorph (14)
 S - a wand of flame (81)
 Y - a wand of charming (7)
Scrolls
 j - 7 scrolls of blinking
 k - 3 scrolls of amnesia
 o - 3 scrolls of fear
 w - a scroll of silence
 y - 5 scrolls of immolation
 F - 8 scrolls of magic mapping
 G - 3 scrolls of torment
 H - 2 scrolls of enchant armour
 I - 6 scrolls of teleportation
 L - 4 scrolls of poison
 M - 3 scrolls of brand weapon
 N - 7 scrolls of butterflies
 U - 12 scrolls of identify
Potions
 b - 5 potions of mutation
 d - 5 potions of magic
 i - 5 potions of lignification
 m - a potion of resistance
 q - 2 potions of ambrosia
 s - 4 potions of flight
 u - 3 potions of brilliance
 x - 3 potions of cancellation
 z - 7 potions of attraction
 A - a potion of berserk rage
 E - 2 potions of curing
 X - 2 potions of heal wounds
Miscellaneous
 T - a phantom mirror
 W - a condenser vane


   Skills:
 + Level 15.0 Fighting
 + Level 13.7 Short Blades
 + Level 13.7 Long Blades
 + Level 14.4 Axes
 + Level 13.7 Maces & Flails
 + Level 13.7 Polearms
 + Level 13.7 Staves
 + Level 13.7 Ranged Weapons
 + Level 13.7 Throwing
 + Level 15.0 Armour
 + Level 13.7 Dodging
 + Level 13.7 Stealth
 + Level 15.0 Shields
 + Level 13.7 Unarmed Combat
 + Level 13.7 Spellcasting
 + Level 11.6 Conjurations
 + Level 11.6 Hexes
 + Level 11.6 Summonings
 + Level 11.6 Necromancy
 + Level 11.6 Translocations
 + Level 11.6 Transmutations
 + Level 11.6 Fire Magic
 + Level 11.6 Ice Magic
 + Level 15.5 Air Magic
 + Level 11.6 Earth Magic
 + Level 11.6 Poison Magic
 + Level 14.9 Invocations
 + Level 13.7 Evocations


You had 33 spell levels left.
You knew the following spells:

 Your Spells              Type           Power      Damage    Failure   Level
a - Teleport Other        Tloc           79%        N/A       1%          3
b - Passwall              Tmut/Erth      65%        N/A       1%          2
c - Lesser Beckoning      Tloc           100%       N/A       1%          3
d - Manifold Assault      Tloc           79%        N/A       1%          4

Your spell library contained the following spells:

 Spells                   Type           Power      Damage    Failure   Level
 Foxfire                  Conj/Fire      100%       2x1d9     1%          1
 Kiss of Death            Conj/Necr      100%       2d13      1%          1
 Magic Dart               Conj           100%       1d8       1%          1
 Shock                    Conj/Air       100%       1d9       1%          1
 Sting                    Tmut/Pois      100%       1d8       1%          1
 Call Imp                 Summ           79%        N/A       1%          2
 Ensorcelled Hibernation  Hex/Ice        100%       N/A       1%          2
 Poisonous Vapours        Pois/Air       100%       N/A       1%          2
 Scorch                   Fire           100%       2d10      1%          2
 Sublimation of Blood     Necr           79%        N/A       1%          2
 Confusing Touch          Hex            79%        N/A       1%          3
 Frozen Ramparts          Ice            100%       1d16      1%          3
 Gell's Gravitas          Tloc           79%        N/A       1%          3
 Kindle Blastsparks       Fire/Tloc/Air  100%       2d18      1%          3
 Mephitic Cloud           Conj/Pois/Air  83%        N/A       1%          3
 Spider Form              Tmut/Pois      79%        N/A       1%          3
 Swiftness                Air            90%        N/A       1%          3
 Tukima's Dance           Hex            79%        N/A       1%          3
 Airstrike                Air            45%        2d(7-23)  1%          4
 Anguish                  Hex/Necr       39%        N/A       1%          4
 Animate Armour           Summ/Erth      100%       N/A       1%          4
 Animate Dead             Necr           79%        N/A       1%          4
 Dispel Undead            Necr           79%        3d26      1%          4
 Ice Form                 Ice/Tmut       79%        N/A       1%          4
 Iskenderun's Mystic Bla  Conj/Tloc      79%        2d16      1%          4
 Olgreb's Toxic Radiance  Pois           79%        N/A       1%          4
 Passage of Golubria      Tloc           79%        N/A       1%          4
 Petrify                  Tmut/Erth      79%        N/A       1%          4
 Summon Ice Beast         Ice/Summ       79%        N/A       1%          4
 Summon Lightning Spire   Summ/Air       85%        N/A       1%          4
 Lightning Bolt           Conj/Air       42%        1d62      1%          5
 Freezing Cloud           Conj/Ice/Air   41%        6-21      2%          5
 Blade Hands              Tmut           39%        N/A       4%          5
 Borgnjor's Vile Clutch   Necr/Erth      39%        N/A       4%          5
 Irradiate                Conj/Tmut      39%        3d24      4%          5
 Metabolic Englaciation   Hex/Ice        39%        N/A       4%          5
 Summon Mana Viper        Hex/Summ       79%        N/A       4%          5
 Yara's Violent Unravell  Hex/Tmut       39%        3d16      4%          5
 Death Channel            Necr           39%        N/A       22%         6
 Dispersal                Tloc           39%        N/A       22%         6
 Simulacrum               Ice/Necr       39%        N/A       22%         6
 Starburst                Conj/Fire      39%        6d11      22%         6
 Statue Form              Tmut/Erth      52%        N/A       22%         6
 Dragon Form              Tmut           39%        N/A       77%         7
 Enfeeble                 Hex            39%        N/A       77%         7
 Monstrous Menagerie      Summ           39%        N/A       77%         7
 Chain Lightning          Conj/Air       42%        3d56      100%        9
 Fire Storm               Conj/Fire      39%        8d10      100%        9
 Polar Vortex             Ice            39%        N/A       100%        9
 Shatter                  Erth           39%        3d31*     100%        9


Dungeon Overview and Level Annotations

Branches:
Dungeon (15/15)            Temple (1/1) D:4            Lair (5/5) D:9
  Swamp (4/4) Lair:2       Spider (0/4) Lair:2        Slime (0/5) Lair:5
    Orc (2/2) D:12            Elf (0/3) Orc:2        Vaults (4/5) D:13
  Crypt (1/3) Vaults:2     Depths (0/4) D:15          Sewer (visited)
 Bailey (visited)           IceCv (visited)         Gauntlet (visited)

Altars:
Ashenzari
Cheibriados
Dithmenos
Elyvilon
Fedhas
Gozag
Hepliaklqana
Kikubaaqudgha
Makhleb
Nemelex Xobeh
Okawaru
Qazlal
Ru
Sif Muna
Trog
Uskayaw
Vehumet
Wu Jian
Xom
Yredelemnul
Zin
The Shining One

Shops:
D:3 =   D:7 *   D:8 [([[*   D:12 =   D:15 *   Orc:1 *   Orc:2 *[[=   Vaults:1 (

Annotations:
D:13 2 runed translucent doors, Kevoe's ghost, journeyman DgDe
Vaults:4 Mennas


Innate Abilities, Weirdness & Mutations

You have very sharp teeth.
Your uncanny sense of smell can sniff out nearby items.
Your experience applies equally to all skills.
You expend magic power (3 MP) to strengthen your wands.


Message History

Mennas misses you. Mennas completely misses you.
Mennas hits you from afar with a +0 trishula of holy wrath.
The sphinx hits you but does no damage. The sphinx completely misses you.
The sphinx hits you but does no damage.
You bump into the metal wall.
Mennas hits you but does no damage. Mennas barely misses you.
The sphinx misses you.
The sphinx hits you but does no damage. x2
You're too confused to move!
Mennas hits you from afar with a +0 trishula of holy wrath!! x2
The wizard mumbles some strange words.
The wizard flickers and vanishes for a moment.
The sphinx casts a spell.
You feel yourself slow down.
Mennas gestures frantically.
You resist with almost no effort.
You are too confused!
You feel better. Mennas hits you but does no damage. You block Mennas's attack.
The sphinx hits you! You block the sphinx's attack.
The sphinx closely misses you.
Mennas hits you from afar with a +0 trishula of holy wrath!!!
* * * LOW HITPOINT WARNING * * *
Mennas completely misses you.
The wizard gestures wildly while chanting.
The wizard blinks!
The sphinx casts a spell.
You are confused.
You feel better. You block Mennas's attack. Mennas completely misses you.
Mennas gestures frantically.
You resist with some effort. You block the sphinx's attack.
The sphinx hits you but does no damage. You block the sphinx's attack.
You block Mennas's attack. Mennas misses you.
You fail to use your ability.
You block the sphinx's attack.
The sphinx hits you but does no damage. x2; You block Mennas's attack.
Mennas closely misses you.
The sphinx casts a spell.
You feel as though you will be slow longer.
Something hits you but does no damage.
Deactivating autopickup; reactivate with Ctrl-A.
Mennas hits you from afar with a +0 trishula of holy wrath!!!
You die...

...# ...# #...##
.....# #.....#
.....
#########A.#
#......@H5.#
#......#####
#+### #......#
#...# #......#
###(..###......#
#.......#......#
#.......#......#
#.......+......#
###...###......#


You could see Mennas (strong), a sphinx and a white imp.

Vanquished Creatures
  Boris (Vaults:2)
  Frederick (Vaults:3)
  The ghost of Angani the Bewitcher, an adept DrHs of Ashenzari (Vaults:2)
  Rupert (D:13)
  A lich (Vaults:1)
  Zenata (Vaults:1)
  2 tentacled starspawn (Abyss:1)
  3 sphinxes
  Gastronok (Lair:1)
  A thorn hunter (Swamp:3)
  2 tengu reavers (Vaults:2)
  Kirke (Swamp:1)
  Roxanne (Swamp:3)
  3 fenstrider witches
  4 vault wardens
  2 frost giants
  Aizul (Swamp:3)
  10 ironbound preservers
  4 ironbound thunderhulks
  5 orc warlords
  5 very ugly things
  A vampire knight (Vaults:2)
  2 eleionomae
  4 bunyips
  A minotaur (Gauntlet)
  4 dire elephants
  Azrael (D:13)
  An ettin (D:13)
  2 fire dragons
  2 shambling mangroves
  2 entropy weavers
  6 yaktaur captains
  4 great orbs of eyes
  An ice dragon (D:9)
  A spriggan zombie (D:15)
  7 vault guards
  17 hydras
  Harold (Orc:1)
  2 peacekeepers (Vaults:2)
  7 centaur warriors
  3 catoblepae
  3 ironbound frosthearts
  3 ghost crabs
  11 alligators
  A boulder beetle (Vaults:3)
  3 two-headed ogres
  A death scarab (Gauntlet)
  4 tengu warriors
  3 death yaks
  A dancing weapon (Vaults:2)
  Urug (Lair:1)
  An orc high priest (Orc:2)
  A thrashing horror (Abyss:1)
  A wretched star (Abyss:1)
  Nergalle (Lair:3)
  A fire crab (D:9)
  2 skeletal warriors (D:14)
  2 spectral death yaks (Gauntlet)
  A spark wasp zombie (D:15)
  10 swamp dragons
  2 glowing orange brains
  4 spriggan druids
  7 goliath frogs
  27 deep trolls
  8 bog bodies
  5 lindwurms
  A flayed ghost (D:15)
  A tengu zombie (Vaults:2)
  16 orc knights
  4 wizards
  Pikel (D:7)
  4 necromancers
  A deep elf pyromancer (D:14)
  17 ironbound convokers
  A harpy (Vaults:2)
  An iron dragon zombie (D:15)
  4 orc sorcerers (Orc:2)
  A worldbinder (Gauntlet)
  2 cyclopes
  13 ugly things
  An oklob plant (Lair:3)
  2 manticores
  6 black mambas
  3 torpor snails
  A frost giant skeleton (D:15)
  5 will-o-the-wisps
  A naga mage (D:15)
  2 ice statues
  12 elephants
  3 smoke demons (Abyss:1)
  10 vault sentinels
  2 molten gargoyles (Lair:5)
  14 cane toads
  A gargoyle (D:12)
  7 rime drakes
  7 komodo dragons
  A hellion (Abyss:1)
  A kobold demonologist (D:14)
  A tengu conjurer (D:14)
  An efreet (D:15)
  12 yaktaurs
  An ice devil (IceCv)
  2 anaconda simulacra (IceCv)
  A freezing wraith (D:12)
  2 ancient zymes (Abyss:1)
  A meliai (shapeshifter) (D:14)
  2 polar bears
  2 bloated husks (Swamp:1)
  11 hornets
  3 meliai (Gauntlet)
  8 trolls
  7 tyrant leeches
  A tarantella (Vaults:1)
  7 blink frogs
  32 slime creatures
  5 saltlings (Orc:2)
  8 dream sheep
  4 large abominations (Abyss:1)
  A shadow dragon simulacrum (Vaults:2)
  A centaur simulacrum (D:15)
  A spectral black mamba (Gauntlet)
  An ettin zombie (Vaults:2)
  A culicivora (Vaults:1)
  10 spriggans
  A dire elephant simulacrum (IceCv)
  3 hogs (Swamp:1)
  8 wyverns
  A shadow (D:10)
  A vampire (D:13)
  A ynoxinul (Abyss:1)
  35 yaks
  3 chaos spawn (Abyss:1)
  4 wraiths
  2 fire elementals (D:13)
  5 basilisks
  3 redbacks
  5 steam dragons
  13 vampire mosquitoes
  3 death yak simulacra (IceCv)
  2 harpy simulacra (IceCv)
  14 swamp worms
  7 wargs
  3 acid dragons (D:11)
  A hydra simulacrum (IceCv)
  14 water moccasins
  6 hell hounds
  5 swamp drakes (Swamp:4)
  A sky beast (D:8)
  27 orc warriors
  16 ice beasts
  6 boggarts
  5 black bears
  12 starcursed masses (Abyss:1)
  A human zombie (Vaults:2)
  12 ogres
  11 wolves
  10 centaurs
  3 lemures (D:7)
  A phantom (D:6)
  3 kobold brigands
  The ghost of caelrath the Conjurer, an amateur OpCj (D:3)
  A gnoll sergeant (Orc:2)
  Blork the orc (D:4)
  8 bullfrogs
  2 necrophages
  2 scorpions
  4 two-headed ogre simulacra (IceCv)
  6 wights
  5 killer bees (D:8)
  2 elephant simulacra (IceCv)
  A howler monkey (D:6)
  14 electric eels
  4 jellies
  5 lava snakes (Lair:5)
  3 small abominations (Abyss:1)
  A water moccasin simulacrum (D:3)
  A hound (D:6)
  11 orc priests
  An iron imp (Abyss:1)
  4 iguanas
  10 orc wizards
  7 hell rats (Lair:2)
  7 spriggan simulacra (IceCv)
  A polar bear simulacrum (IceCv)
  7 troll simulacra (IceCv)
  3 wolf simulacra (IceCv)
  A scorpion simulacrum (D:3)
  5 naga simulacra (IceCv)
  18 adders
  6 gnolls
  5 river rats (Sewer)
  A hound simulacrum (D:3)
  8 white imps
  13 ufetubi
  3 dart slugs
  4 worms
  An adder simulacrum (D:3)
  71 orcs
  14 ball pythons
  7 bats
  3 endoplasms
  5 giant cockroaches
  8 goblins
  3 hobgoblins
  3 jackals (D:1)
  15 kobolds
  7 quokkas
  4 frilled lizards
  A quokka simulacrum (D:3)
  33 rats
  A pillar of salt (Orc:2)
1096 creatures vanquished.

Vanquished Creatures (collateral kills)
  An ironbound thunderhulk (Vaults:3)
  A great orb of eyes (Vaults:3)
  A deep troll (Vaults:3)
  2 ironbound convokers (Vaults:3)
  2 orc knights (Vaults:3)
  A vault sentinel (Vaults:3)
  2 goblins (D:9)
10 creatures vanquished.

Vanquished Creatures (others)
  Jory (Vaults:2)
  A shadow dragon (Vaults:2)
  An orc warlord (Vaults:3)
  A yaktaur captain (Vaults:3)
  A shambling mangrove (Swamp:3)
  3 hydras
  2 alligators (Swamp:4)
  3 deep trolls
  A swamp dragon (Swamp:4)
  A will-o-the-wisp (Swamp:3)
  A vault sentinel (Vaults:3)
  A bloated husk (Swamp:3)
  A human (Swamp:2)
  A wraith (Vaults:2)
  An electric eel (D:9)
  2 briar patches (Swamp:3)
  49 foxfires
  21 fungi
  A pillar of salt (Orc:2)
  76 plants
  5 starspawn tentacles (Abyss:1)
  5 toadstools (Swamp:3)
  A withered plant (D:15)
180 creatures vanquished.

Grand Total: 1286 creatures vanquished

Notes
Turn   | Place    | Note
-------+----------+-------------------------------------------
     0 | D:1      | Ijustatesigmund the Gnoll Fighter began the quest for the
                  | Orb.
     0 | D:1      | Reached XP level 1. HP: 23/23 MP: 1/1
    62 | D:1      | Found a faded altar of an unknown god.
   111 | D:1      | Reached XP level 2. HP: 20/29 MP: 2/2
   527 | D:1      | Reached XP level 3. HP: 35/35 MP: 3/3
   957 | D:2      | Reached skill level 1 in Invocations
  1057 | D:2      | Identified the +0 pair of gloves of the Morning Star {rC+
                  | SInv}
  1082 | D:2      | Identified the +9 flail "Impbane" {protect, rF+ Dex+4
                  | Stlth+}
  1097 | D:2      | Reached skill level 1 in Short Blades
  1097 | D:2      | Reached skill level 1 in Long Blades
  1097 | D:2      | Reached skill level 1 in Maces & Flails
  1097 | D:2      | Reached skill level 1 in Polearms
  1097 | D:2      | Reached skill level 1 in Staves
  1097 | D:2      | Reached skill level 1 in Ranged Weapons
  1097 | D:2      | Reached skill level 1 in Throwing
  1097 | D:2      | Reached skill level 1 in Dodging
  1097 | D:2      | Reached skill level 1 in Stealth
  1097 | D:2      | Reached skill level 1 in Unarmed Combat
  1097 | D:2      | Reached skill level 1 in Spellcasting
  1097 | D:2      | Reached skill level 1 in Evocations
  1130 | D:2      | Reached XP level 4. HP: 41/41 MP: 5/5
  1501 | D:3      | Found a transporter.
  1528 | D:3      | Found a transporter.
  1563 | D:3      | Reached skill level 1 in Conjurations
  1563 | D:3      | Reached skill level 1 in Hexes
  1563 | D:3      | Reached skill level 1 in Summonings
  1563 | D:3      | Reached skill level 1 in Necromancy
  1563 | D:3      | Reached skill level 1 in Translocations
  1563 | D:3      | Reached skill level 1 in Transmutations
  1563 | D:3      | Reached skill level 1 in Fire Magic
  1563 | D:3      | Reached skill level 1 in Ice Magic
  1563 | D:3      | Reached skill level 1 in Air Magic
  1563 | D:3      | Reached skill level 1 in Earth Magic
  1563 | D:3      | Reached skill level 1 in Poison Magic
  1681 | D:3      | Found a runed translucent gate.
  1895 | D:3      | Found a runed translucent gate.
  1895 | D:3      | Found a runed translucent gate.
  1911 | D:3      | Found Lah Biam's Jewellery Shop.
  2085 | D:3      | Noticed caelrath's ghost (amateur OpCj)
  2376 | D:4      | Noticed a scorpion
  2379 | D:4      | Reached XP level 5. HP: 47/47 MP: 7/7
  2482 | D:4      | Found a staircase to the Ecumenical Temple.
  2493 | Temple   | Entered the Ecumenical Temple
  2614 | Temple   | Became a worshipper of Cheibriados the Contemplative
  2680 | D:4      | Noticed Blork the orc
  2688 | D:4      | Killed Blork the orc
  2689 | D:4      | Reached skill level 5 in Axes
  2689 | D:4      | Reached XP level 6. HP: 45/53 MP: 8/8
  2731 | D:4      | Noticed a black bear
  2736 | D:4      | Killed a black bear
  3079 | D:4      | Reached XP level 7. HP: 59/59 MP: 10/10
  3623 | D:5      | Entered Level 5 of the Dungeon
  3631 | D:5      | Noticed a yak
  3631 | D:5      | Noticed a yak
  3632 | D:5      | Noticed a yak
  3633 | D:5      | Noticed a yak
  3677 | D:5      | Killed a yak
  3687 | D:5      | Killed a yak
  3689 | D:5      | Killed a yak
  3690 | D:5      | Reached XP level 8. HP: 31/67 MP: 10/12
  3694 | D:5      | Killed a yak
  3739 | D:5      | Reached * piety under Cheibriados
  3758 | D:5      | Found a glowing drain.
  3762 | Sewer    | Entered a sewer
  3869 | Sewer    | Reached ** piety under Cheibriados
  4027 | Sewer    | Reached *** piety under Cheibriados
  4193 | D:5      | Found an opulent altar of Gozag.
  4235 | D:5      | Found a glowing silver altar of Zin.
  4237 | D:5      | Found an ancient bone altar of Kikubaaqudgha.
  4259 | D:5      | Found a bloodstained altar of Trog.
  4327 | D:5      | Found a shadowy altar of Dithmenos.
  4665 | D:6      | Reached XP level 9. HP: 70/73 MP: 14/14
  4910 | D:6      | Reached **** piety under Cheibriados
  5199 | D:7      | Found a hazy altar of Hepliaklqana.
  5250 | D:7      | Reached skill level 5 in Invocations
  5325 | D:7      | Identified the +1 pair of gloves of Apni {rC++ Regen+}
  5406 | D:7      | Noticed Pikel
  5423 | D:7      | Killed Pikel
  5473 | D:7      | Noticed a troll
  5482 | D:7      | Killed a troll
  5483 | D:7      | Reached skill level 5 in Short Blades
  5483 | D:7      | Reached skill level 5 in Long Blades
  5483 | D:7      | Reached skill level 5 in Maces & Flails
  5483 | D:7      | Reached skill level 5 in Polearms
  5483 | D:7      | Reached skill level 5 in Staves
  5483 | D:7      | Reached skill level 5 in Ranged Weapons
  5483 | D:7      | Reached skill level 5 in Throwing
  5483 | D:7      | Reached skill level 5 in Dodging
  5483 | D:7      | Reached skill level 5 in Stealth
  5483 | D:7      | Reached skill level 5 in Unarmed Combat
  5483 | D:7      | Reached skill level 5 in Spellcasting
  5483 | D:7      | Reached skill level 5 in Evocations
  5483 | D:7      | Reached XP level 10. HP: 76/81 MP: 17/17
  5515 | D:7      | Identified the +6 rapier "Ymemiar" {pain, Str+2}
  5648 | D:7      | Found Supled's General Store.
  5657 | D:7      | Bought a scroll of blinking for 97 gold pieces
  5657 | D:7      | Bought a scroll of magic mapping for 97 gold pieces
  6109 | D:8      | Found Jog Qoy's General Store.
  6200 | D:8      | Found Qybb's Armour Emporium.
  6371 | D:8      | Found Faenic's Antique Armour Boutique.
  6382 | D:8      | Bought a smelly chain mail for 247 gold pieces
  6382 | D:8      | Identified the +5 chain mail "Hudulegu" {Dex+3} (You bought
                  | it in a shop on level 8 of the Dungeon)
  6397 | D:8      | Found Qiatexau's Antique Weapon Emporium.
  6434 | D:8      | Reached ***** piety under Cheibriados
  6820 | D:8      | Found Anocait's Antique Armour Shoppe.
  6972 | D:8      | Found a basalt altar of Yredelemnul.
  7082 | D:9      | Found a flagged portal.
  7084 | D:9      | Reached skill level 5 in Air Magic
  7099 | Bailey   | Entered a bailey
  7175 | Bailey   | Found a large runed translucent door.
  7175 | Bailey   | Found a large runed translucent door.
  7176 | Bailey   | Noticed a deep elf zephyrmancer
  7176 | Bailey   | Noticed an orc knight
  7205 | Bailey   | Killed an orc knight
  7384 | Bailey   | Identified the amulet "Nucyaj" {Faith Str+3 Dex+4}
  7450 | D:9      | Reached skill level 5 in Conjurations
  7450 | D:9      | Reached skill level 5 in Hexes
  7450 | D:9      | Reached skill level 5 in Summonings
  7450 | D:9      | Reached skill level 5 in Necromancy
  7450 | D:9      | Reached skill level 5 in Translocations
  7450 | D:9      | Reached skill level 5 in Transmutations
  7450 | D:9      | Reached skill level 5 in Fire Magic
  7450 | D:9      | Reached skill level 5 in Ice Magic
  7450 | D:9      | Reached skill level 5 in Earth Magic
  7450 | D:9      | Reached skill level 5 in Poison Magic
  7465 | D:9      | Reached XP level 11. HP: 70/89 MP: 20/20
  7650 | D:9      | Found a staircase to the Lair.
  8037 | D:9      | Noticed a fire crab
  8047 | D:9      | Killed a fire crab
  8178 | D:10     | Entered Level 10 of the Dungeon
  8497 | D:10     | Found a blossoming altar of Fedhas.
  9393 | D:11     | You fall into a shaft and drop 2 floors!
  9404 | D:13     | Noticed a centaur warrior
  9412 | D:13     | Killed a centaur warrior
  9449 | D:13     | Noticed an ettin
  9453 | D:13     | Noticed a vault guard
  9547 | D:13     | Noticed a cyclops
  9558 | D:13     | Noticed a two-headed ogre
  9564 | D:13     | Killed a two-headed ogre
  9584 | D:13     | Learned a level 3 spell: Teleport Other
  9594 | D:13     | Noticed Azrael
  9607 | D:13     | Killed Azrael
  9608 | D:13     | Reached XP level 12. HP: 29/97 MP: 8/22
 10448 | D:12     | Found a staircase to the Orcish Mines.
 10613 | D:12     | Reached skill level 10 in Fighting
 10613 | D:12     | Reached skill level 10 in Armour
 10613 | D:12     | Reached skill level 10 in Shields
 10831 | D:12     | Found Cesox's Jewellery Boutique.
 10922 | D:12     | Found a snail-covered altar of Cheibriados.
 11121 | D:13     | Noticed a seven-headed hydra
 11128 | D:13     | Killed a seven-headed hydra
 11138 | D:13     | Noticed Kevoe's ghost (journeyman DgDe)
 11138 | D:13     | Noticed a lich
 11139 | D:13     | Noticed a deep elf annihilator
 11139 | D:13     | Noticed a hell knight
 11201 | D:13     | Noticed Rupert
 11203 | D:13     | Paralysed by Rupert for 4 turns
 11216 | D:13     | Killed Rupert
 11400 | D:13     | Killed a vault guard
 11515 | D:13     | Found a gate to the Vaults.
 11642 | D:13     | Found an iron altar of Okawaru.
 11662 | D:13     | Found a runed translucent door.
 11677 | D:13     | Found a runed translucent door.
 12101 | D:3      | Killed caelrath's ghost
 12297 | D:13     | Killed an ettin
 12298 | D:13     | Reached XP level 13. HP: 77/104 MP: 25/25
 12566 | Lair:1   | Entered Level 1 of the Lair of Beasts
 12634 | Lair:1   | Identified the +2 leather armour of a bazaar {rPois rF++
                  | Str+3}
 12636 | Lair:1   | Found a frozen archway.
 12660 | IceCv    | Entered an ice cave
 12709 | IceCv    | Identified the +1 scimitar "Giant's Nightmare" {elec, rF+}
 12751 | IceCv    | Reached ****** piety under Cheibriados
 13769 | Lair:1   | Noticed Urug
 13788 | Lair:1   | Killed Urug
 13861 | Lair:1   | Noticed Gastronok
 13880 | Lair:1   | Killed Gastronok
 13918 | Lair:1   | Reached skill level 10 in Axes
 14732 | Lair:2   | Found a hole to the Spider Nest.
 14873 | Lair:2   | Found a staircase to the Swamp.
 15010 | Lair:2   | Found a blossoming altar of Fedhas.
 15025 | Lair:2   | Reached XP level 14. HP: 113/113 MP: 27/27
 15114 | Lair:2   | Reached skill level 10 in Invocations
 15667 | Lair:3   | Reached skill level 10 in Air Magic
 15777 | Lair:3   | Noticed Nergalle
 15789 | Lair:3   | Killed Nergalle
 16779 | Lair:4   | Got the Compilation of the Summer
 16926 | Lair:4   | Found the +12 pair of quick blades "Gyre" and "Gimble"
                  | {protect}
 17412 | Lair:5   | Entered Level 5 of the Lair of Beasts
 17772 | Lair:5   | Found a glowing silver altar of Zin.
 17954 | Lair:5   | Identified the +6 sling of Perversion {flame, rElec rF- rN+
                  | rCorr}
 17978 | Lair:5   | Reached skill level 10 in Short Blades
 17978 | Lair:5   | Reached skill level 10 in Long Blades
 17978 | Lair:5   | Reached skill level 10 in Maces & Flails
 17978 | Lair:5   | Reached skill level 10 in Polearms
 17978 | Lair:5   | Reached skill level 10 in Staves
 17978 | Lair:5   | Reached skill level 10 in Ranged Weapons
 17978 | Lair:5   | Reached skill level 10 in Throwing
 17978 | Lair:5   | Reached skill level 10 in Dodging
 17978 | Lair:5   | Reached skill level 10 in Stealth
 17978 | Lair:5   | Reached skill level 10 in Unarmed Combat
 17978 | Lair:5   | Reached skill level 10 in Spellcasting
 17978 | Lair:5   | Reached skill level 10 in Evocations
 18016 | Lair:5   | Found a staircase to the Slime Pits.
 18300 | Lair:5   | Found a large runed translucent door.
 18301 | Lair:5   | Found a large runed translucent door.
 18337 | Lair:5   | Reached XP level 15. HP: 120/120 MP: 29/29
 18684 | D:9      | Noticed a frost giant
 18715 | D:9      | Killed a frost giant
 18856 | D:9      | Got the Codex of the Rocks
 19081 | Orc:1    | Entered Level 1 of the Orcish Mines
 19113 | Orc:1    | Found Jixoank's Assorted Antiques.
 19125 | Orc:1    | Bought a scroll of fear for 76 gold pieces
 19385 | Orc:2    | Entered Level 2 of the Orcish Mines
 19399 | Orc:2    | Found a gate leading to a gauntlet.
 19434 | Gauntlet | Entered a Gauntlet
 19434 | Gauntlet | Found a transporter.
 19434 | Gauntlet | Found a transporter.
 19443 | Gauntlet | Found a transporter.
 19455 | Gauntlet | Found a transporter.
 19455 | Gauntlet | Found a transporter.
 19466 | Gauntlet | Found a transporter.
 19474 | Gauntlet | Found a transporter.
 19474 | Gauntlet | Found a transporter.
 19489 | Gauntlet | Identified the amulet of Truth {Reflect Fly rElec Dex+6
                  | Slay-5 SH+5}
 19492 | Gauntlet | Found a transporter.
 19511 | Gauntlet | Found a transporter.
 19543 | Gauntlet | Found a transporter.
 19559 | Gauntlet | Identified the +2 helmet of Ruihaega {Str+4}
 19570 | Gauntlet | Found a transporter.
 19616 | Gauntlet | Identified the +8 shadow dragon scales of the Arena {rPois
                  | rC+ Str+3 Int+3 Stlth++++}
 19648 | Gauntlet | Got Sif Muna's Almanac of Shifting
 19650 | Gauntlet | Identified the +1 steam dragon scales of Xoitul {Will-
                  | Regen+ Dex+3}
 19707 | Abyss:1  | Cast into level 1 of the Abyss (orc warrior)
 20015 | Abyss:1  | Noticed a tentacled starspawn
 20016 | Abyss:1  | Noticed a tentacled starspawn
 20028 | Abyss:1  | Killed a tentacled starspawn
 20037 | Abyss:1  | Killed a tentacled starspawn
 20064 | Abyss:1  | Found a corrupted altar of Lugonu.
 20107 | Abyss:1  | Noticed an ancient lich
 20286 | Orc:2    | Escaped the Abyss
 20337 | Orc:2    | Noticed an orc warlord
 20340 | Orc:2    | Noticed an orc warlord
 20351 | Orc:2    | Killed an orc warlord
 20375 | Orc:2    | Killed an orc warlord
 20449 | Orc:2    | Found a staircase to the Elven Halls.
 20949 | Orc:1    | Noticed Harold
 20963 | Orc:1    | Killed Harold
 21152 | Orc:2    | Noticed an orc warlord
 21187 | Orc:2    | Killed an orc warlord
 21218 | Orc:2    | Found Boibuc's Armour Shop.
 21224 | Orc:2    | Found Isocyithug's Armour Shop.
 21253 | Orc:2    | Gained mutation: You occasionally shout uncontrollably at
                  | your foes. [a neqoxec]
 21267 | Orc:2    | Reached XP level 16. HP: 127/129 MP: 27/30
 21284 | Orc:2    | Found Fyorchij's General Store.
 21290 | Orc:2    | Bought a potion of heal wounds for 55 gold pieces
 21321 | Orc:2    | Found Xiathi's Jewellery Boutique.
 21372 | Orc:2    | Lost mutation: You occasionally shout uncontrollably at
                  | your foes. [potion of mutation]
 21372 | Orc:2    | Gained mutation: You are frail. (-10% HP) [potion of
                  | mutation]
 21372 | Orc:2    | Gained mutation: You occasionally shout uncontrollably at
                  | your foes. [potion of mutation]
 21373 | Orc:2    | Lost mutation: You are frail. (-10% HP) [potion of
                  | mutation]
 21373 | Orc:2    | Lost mutation: You occasionally shout uncontrollably at
                  | your foes. [potion of mutation]
 21373 | Orc:2    | Gained mutation: Your body sometimes deteriorates upon
                  | taking damage. [potion of mutation]
 21374 | Orc:2    | Lost mutation: Your body sometimes deteriorates upon taking
                  | damage. [potion of mutation]
 21374 | Orc:2    | Gained mutation: You expend magic power (3 MP) to
                  | strengthen your wands. [potion of mutation]
 21374 | Orc:2    | Gained mutation: You have a pair of small antennae on your
                  | head. [potion of mutation]
 21375 | Orc:2    | Lost mutation: You have a pair of small antennae on your
                  | head. [potion of mutation]
 21375 | Orc:2    | Lost mutation: You expend magic power (3 MP) to strengthen
                  | your wands. [potion of mutation]
 21375 | Orc:2    | Gained mutation: You expend magic power (3 MP) to
                  | strengthen your wands. [potion of mutation]
 21412 | Orc:2    | Bought a potion of mutation for 88 gold pieces
 21673 | Swamp:1  | Entered Level 1 of the Swamp
 21751 | Swamp:1  | Noticed a fenstrider witch
 21755 | Swamp:1  | Paralysed by a fenstrider witch for 2 turns
 21758 | Swamp:1  | Killed a fenstrider witch
 22285 | Swamp:2  | Noticed Kirke
 22319 | Swamp:1  | Noticed a sphinx
 22319 | Swamp:1  | Killed Kirke
 22432 | Swamp:2  | Identified a scroll of acquirement
 22520 | Swamp:2  | Acquired a +2 vorpal broad axe
 22649 | Swamp:2  | Identified the +4 chain mail of the Swamp {Str+2}
 22872 | Swamp:2  | Learned a level 2 spell: Passwall
 22876 | Swamp:2  | Learned a level 3 spell: Lesser Beckoning
 22952 | Swamp:3  | Noticed a fenstrider witch
 22963 | Swamp:2  | Killed a fenstrider witch
 23071 | Swamp:3  | Noticed Aizul
 23078 | Swamp:3  | Noticed a thorn hunter
 23094 | Swamp:3  | Killed Aizul
 23103 | Swamp:3  | Killed a thorn hunter
 23171 | Swamp:3  | Reached XP level 17. HP: 137/137 MP: 32/32
 23209 | Swamp:3  | Noticed Roxanne
 23240 | Swamp:3  | Killed Roxanne
 23518 | Swamp:4  | Entered Level 4 of the Swamp
 23637 | Swamp:4  | Reached skill level 10 in Conjurations
 23637 | Swamp:4  | Reached skill level 10 in Hexes
 23637 | Swamp:4  | Reached skill level 10 in Summonings
 23637 | Swamp:4  | Reached skill level 10 in Necromancy
 23637 | Swamp:4  | Reached skill level 10 in Translocations
 23637 | Swamp:4  | Reached skill level 10 in Transmutations
 23637 | Swamp:4  | Reached skill level 10 in Fire Magic
 23637 | Swamp:4  | Reached skill level 10 in Ice Magic
 23637 | Swamp:4  | Reached skill level 10 in Earth Magic
 23637 | Swamp:4  | Reached skill level 10 in Poison Magic
 23797 | Swamp:4  | Got a decaying rune of Zot
 23832 | Swamp:4  | Learned a level 4 spell: Manifold Assault
 25139 | D:15     | Entered Level 15 of the Dungeon
 25139 | D:15     | Found a staircase to the Depths.
 25331 | D:15     | Acquired the +0 pair of boots "Ufenwaepn" {Int+3 Slay+2
                  | Stlth+}
 25508 | D:15     | Found Jatsasaj's Serpentskin Sales.
 25893 | Vaults:1 | Entered Level 1 of the Vaults
 26451 | Vaults:1 | Noticed Zenata
 26463 | Vaults:1 | Killed Zenata
 26768 | Vaults:1 | Found Riuh's Antique Weapon Shop.
 26771 | Vaults:1 | Bought a jewelled broad axe for 342 gold pieces
 26771 | Vaults:1 | Identified the +0 broad axe "Starlight" {speed, Will+
                  | Str+3} (You bought it in a shop on level 1 of the Vaults)
 27266 | Vaults:1 | Reached XP level 18. HP: 122/146 MP: 34/34
 27406 | Vaults:2 | Found a staircase to the Crypt.
 27431 | Vaults:2 | Noticed a lich
 27437 | Crypt:1  | Entered Level 1 of the Crypt
 27660 | Vaults:2 | Noticed Jory
 27684 | Vaults:2 | Killed Jory
 27697 | Vaults:1 | Killed a lich
 27756 | Vaults:2 | Noticed Boris
 27770 | Vaults:2 | Paralysed by a sphinx for 2 turns
 27963 | Vaults:2 | Paralysed by a great orb of eyes for 2 turns
 28692 | Vaults:2 | Reached XP level 19. HP: 134/153 MP: 36/36
 28759 | Vaults:2 | Reached skill level 15 in Air Magic
 28904 | Vaults:2 | Found a runed translucent door.
 28904 | Vaults:2 | Found a shimmering altar of Xom.
 28904 | Vaults:2 | Noticed Angani's ghost (adept DrHs)
 28929 | Vaults:2 | Killed Angani's ghost
 28933 | Vaults:2 | Identified the +1 whip "Cytaywap" {vorpal, rElec Will+
                  | Str+3 Int+10}
 29112 | Vaults:2 | Killed Boris
 29387 | Vaults:2 | Identified the +10 short sword of Earthquakes {flame, Int+2
                  | Dex+3}
 30871 | Vaults:4 | Noticed Frederick
 30879 | Vaults:3 | Reached skill level 15 in Fighting
 30879 | Vaults:3 | Reached skill level 15 in Armour
 30879 | Vaults:3 | Reached skill level 15 in Shields
 31003 | Vaults:3 | Killed Frederick
 31122 | Vaults:4 | Noticed Mennas
 31145 | Vaults:4 | HP: 7/155 [Mennas/+0 trishula of holy wrath (45)]
 31147 | Vaults:4 | Demolished by Mennas

Illustrated notes

Levels and vault maps discovered:
D:1:      ncdulo_smallfort, layout_loops_corners, shapermc_ecumenical_altar_venn
D:2:      layout_basic, minmay_indecisive_spiral
D:3:      gammafunk_steamed_eel, layout_basic, gammafunk_ghost_icy,
          serial_shops, nicolae_shop_stone
D:4:      layout_loops_corners, temple_hall, minmay_misc_feat_pillars,
          serial_bayou_pond_c, uniq_blork_the_orc
D:5:      layout_rooms, grunt_temple_overflow_open, amcnicky_altar_gilded,
          nicolae_gozag_seed_capital, lemuel_doored_altar,
          gup_sewer_entry_spiral
D:6:      layout_cave_pools
D:7:      layout_basic, nicolae_hepliaklqana_hazy_memory, serial_shops,
          nicolae_shop_trees, minmay_manual_mullet, uniq_pikel
D:8:      layout_basic, yredelemnul_forgotten_temple_becter, serial_shops,
          nicolae_shop_statue_plus, nicolae_stop_n_shop_2,
          nicolae_shop_waterfront, shop, nicolae_shop_stone
D:9:      minmay_twisted_water, layout_basic, minmay_lair_entry_lava,
          enter_bailey_3, kennysheep_dice
D:10:     layout_roguey, fedhas_altar_fruit_tree, serial_bayou,
          serial_bayou_ford_a, serial_bayou_lake_a, serial_bayou_pond_e,
          serial_bayou_lagoon_a, serial_bayou_pond_d, serial_bayou_shore_b
D:11:     layout_stronghold, centaur_isle
D:12:     layout_cave_pools, david_orc_2, serial_shops, kennysheep_little_box,
          cheibrodos_worm_habitat
D:13:     layout_rooms, david_vaults_4, muffindrake_ghost_dual_entry,
          okawaru_metal_pillars_1_2, uniq_azrael, uniq_rupert
D:14:     layout_loops_ring
D:15:     gammafunk_depths_entry_grave, layout_long_grid, minmay_fountain_box,
          guppyfry_shop_venom
Temple:   jpeg_temple_clearing
Lair:1:   layout_concentric_octagons, portal_ice_cave_rime,
          grunt_forest_small_clearing_treed, uniq_urug, uniq_gastronok
Lair:2:   layout_cave_pods, minmay_swamp_entry_swarm, spider_nest_entry_webs,
          basic_altar, st_stairs_10
Lair:3:   layout_regular_city, hangedman_lair_generics_rect,
          lemuel_fruit_fields, grunt_megastairs_1, uniq_nergalle
Lair:4:   layout_regular_city, serial_bayou_shore_b
Lair:5:   cheibrodos_lair_end_hotspot, layout_gridlike,
          minmay_slime_entry_pillars, basic_altar, minivault_23,
          serial_bayou_pond_c, serial_bayou_pond_a
Swamp:1:  layout_basic_swamp, evilmike_swamp_ruin_house_2, swamp_pool3,
          nicolae_swamp_spooky_pond, infiniplex_staircase_pool
Swamp:2:  layout_basic_swamp, nicolae_swamp_round_clearing, uniq_kirke
Swamp:3:  cheibrodos_swamp_tower_of_moss, layout_falls_marsh,
          evilmike_swamp_ruin_house_6, uniq_roxanne, uniq_aizul
Swamp:4:  swamp_alternative, layout_basic_swamp, swamp_pool3
Orc:1:    layout_diamond_mine, serial_shops, shop, uniq_harold
Orc:2:    hellmonk_orc_salted, layout_diamond_mine, gauntlet_entry_generic
Vaults:1: ontoclasm_vaults_ring_square, vaults_dpeg_cross, vaults_dpeg_diagonal,
          v_misc_29, v_alt_pattern_6, nicolae_vaults_theta, vaults_room_fours,
          nicolae_vaults_little_squares_1, nicolae_vaults_sealed_display,
          vaults_standard_mumra_x, layout_vaults_quadrants, serial_shops,
          nicolae_shop_window_shopping, uniq_zenata
Vaults:2: ebering_ghost_xom, nicolae_vaults_little_squares_2,
          nicolae_vaults_network_barrier, st_eye, grunt_vaults_twisty,
          vaults_room_hallway, nicolae_vaults_little_squares_3, v_misc_24,
          v_pattern_5, nicolae_vaults_theta, hangedman_vaults_stitches,
          minmay_crypt_entry_simple_statues, ontoclasm_vaults_gateway,
          vaults_room_fancy_cross, ontoclasm_vaults_loading_screen,
          layout_vaults_omnibox, uniq_jory, uniq_boris
Vaults:3: v_misc_5, v_misc_29, nicolae_vaults_little_squares_6, v_misc_26,
          layout_vaults_chaotic_city
Vaults:4: vaults_room_corners, grunt_vaults_trifunnel, serial_ice_b, v_misc_8,
          nicolae_vaults_little_squares_4, v_rooms_4,
          nicolae_vaults_stairing_the_circle, grunt_vaults_bifocal, v_misc_27,
          nicolae_vaults_shelves_hall, hangedman_vaults_capsules,
          vaults_room_stairs_pillars, ontoclasm_vaults_ring_square,
          vaults_dpeg_encased_lava, layout_vaults_maze_snakey, uniq_frederick,
          uniq_mennas
Crypt:1:  layout_misc_corridors, grunt_crypt_arrival_webbed, grunt_megastairs_5,
          uniq_margery, uniq_josephina

Skill      XL: |  1  2  3  4  5  6  7  8  9 10 11 12 13 14 15 16 17 18 19 |
---------------+----------------------------------------------------------+-----
Invocations    | 1 2 3 4 5 6 7 8 9 10 11 12 13 14 | 14.9
Short Blades   | 1 2 3 5 6 7 8 9 10 11 12 13 | 13.7
Long Blades    | 1 2 3 5 6 7 8 9 10 11 12 13 | 13.7
Maces & Flails | 1 2 3 5 6 7 8 9 10 11 12 13 | 13.7
Polearms       | 1 2 3 5 6 7 8 9 10 11 12 13 | 13.7
Staves         | 1 2 3 5 6 7 8 9 10 11 12 13 | 13.7
Ranged Weapons | 1 2 3 5 6 7 8 9 10 11 12 13 | 13.7
Throwing       | 1 2 3 5 6 7 8 9 10 11 12 13 | 13.7
Dodging        | 1 2 3 5 6 7 8 9 10 11 12 13 | 13.7
Stealth        | 1 2 3 5 6 7 8 9 10 11 12 13 | 13.7
Unarmed Combat | 1 2 3 5 6 7 8 9 10 11 12 13 | 13.7
Spellcasting   | 1 2 3 5 6 7 8 9 10 11 12 13 | 13.7
Evocations     | 1 2 3 5 6 7 8 9 10 11 12 13 | 13.7
Conjurations   | 1 2 3 4 5 6 7 8 9 10 11 | 11.6
Hexes          | 1 2 3 4 5 6 7 8 9 10 11 | 11.6
Summonings     | 1 2 3 4 5 6 7 8 9 10 11 | 11.6
Necromancy     | 1 2 3 4 5 6 7 8 9 10 11 | 11.6
Translocations | 1 2 3 4 5 6 7 8 9 10 11 | 11.6
Transmutations | 1 2 3 4 5 6 7 8 9 10 11 | 11.6
Fire Magic     | 1 2 3 4 5 6 7 8 9 10 11 | 11.6
Ice Magic      | 1 2 3 4 5 6 7 8 9 10 11 | 11.6
Air Magic      | 1 2 3 4 5 7 8 9 11 12 13 14 15 | 15.5
Earth Magic    | 1 2 3 4 5 6 7 8 9 10 11 | 11.6
Poison Magic   | 1 2 3 4 5 6 7 8 9 10 11 | 11.6
Axes           | 5 6 7 8 9 10 11 12 13 14 | 14.4
Fighting       | 7 8 9 10 11 12 13 14 15 | 15.0
Armour         | 7 8 9 10 11 12 13 14 15 | 15.0
Shields        | 7 8 9 10 11 12 13 14 15 | 15.0

Action                   |  1- 3 |  4- 6 |  7- 9 | 10-12 | 13-15 | 16-18 | 19-21 || total
-------------------------+-------+-------+-------+-------+-------+-------+-------++-------
Melee: War axe           |    69 |       |       |       |       |       |       ||    69
       Flail             |    20 |    94 |   292 |   522 |  1423 |  1610 |   433 ||  4394
       Bite              |     1 |     9 |    22 |    88 |   247 |   341 |    89 ||   797
 Cast: Teleport Other    |       |       |       |     2 |    10 |     3 |     2 ||    17
       Lesser Beckoning  |       |       |       |       |       |     5 |     3 ||     8
       Manifold Assault  |       |       |       |       |       |     1 |       ||     1
Invok: Bend Time         |       |       |     1 |     2 |     2 |     2 |       ||     7
       Slouch            |       |       |       |     6 |     8 |    10 |     1 ||    25
       Step From Time    |       |       |       |       |     1 |     1 |     1 ||     3
Evoke: Wand              |       |       |     7 |    22 |     6 |    14 |    13 ||    62
  Use: Scroll            |       |       |    19 |    17 |     6 |    11 |       ||    53
       Potion            |       |       |     4 |     7 |     1 |     7 |     3 ||    22
 Stab: Distracted        |       |     1 |       |     2 |     7 |     3 |       ||    13
       Invisible         |       |       |     1 |     3 |     7 |     1 |     3 ||    15
       Sleeping          |       |       |       |     2 |    31 |    34 |     8 ||    75
       Petrified         |       |       |       |       |     2 |       |       ||     2
       Confused          |       |       |       |       |       |     3 |       ||     3
Armor: Scale mail        |    59 |    35 |       |       |       |       |       ||    94
       Plate armour      |       |       |   280 |    43 |       |       |       ||   323
       Chain mail        |       |       |       |   210 |   374 |       |       ||   584
       Shadow dragon sca |       |       |       |       |   112 |   672 |   129 ||   913
Dodge: Dodged            |    45 |    45 |   160 |   450 |  1019 |  1129 |   291 ||  3139
Block: Buckler           |    27 |    27 |   171 |   325 |    91 |       |       ||   641
       Tower shield      |       |       |       |       |  2051 |  2446 |   590 ||  5087

Table legend: (Time is in decaauts)
 A = Elapsed time spent in this place.
 B = Non-inter-level travel time spent in this place.
 C = Inter-level travel time spent in this place.
 D = Time resting spent in this place.
 E = Time spent auto-exploring this place.
 F = Levels seen in this place.
 G = Mean time per level.
                   A        B        C        D        E       F      G
               +--------+--------+--------+--------+--------+-----+--------+
         Total |  50347 |  45890 |   4457 |   1920 |  32505 |  37 | 1360.7 |
       Dungeon |  21297 |  18859 |   2438 |    739 |  14277 |  15 | 1419.8 |
        Temple |    140 |     95 |     45 |      0 |     82 |   1 |  140.0 |
          Lair |   9327 |   8427 |    900 |    117 |   6521 |   5 | 1865.4 |
         Swamp |   4377 |   4203 |    174 |    119 |   2691 |   4 | 1094.2 |
  Orcish Mines |   2899 |   2425 |    474 |      0 |   1610 |   2 | 1449.5 |
        Vaults |   8266 |   7842 |    424 |    706 |   5224 |   4 | 2066.5 |
         Crypt |     70 |     70 |      0 |     45 |      0 |   1 |   70.0 |
         Abyss |    901 |    901 |      0 |     85 |    408 |   1 |  901.0 |
         Sewer |    470 |    470 |      0 |      0 |    231 |   1 |  470.0 |
        Bailey |    477 |    477 |      0 |     50 |    265 |   1 |  477.0 |
      Ice Cave |   1719 |   1719 |      0 |     59 |   1144 |   1 | 1719.0 |
      Gauntlet |    397 |    397 |      0 |      0 |     50 |   1 |  397.0 |
               +--------+--------+--------+--------+--------+-----+--------+

Top non-repeatable levels by time:
Vaults:2: 3060 daAuts
Vaults:1: 2586 daAuts
Vaults:3: 2452 daAuts
    D:11: 2188 daAuts
     D:9: 2145 daAuts
  Lair:1: 1995 daAuts
    D:13: 1950 daAuts
  Lair:2: 1945 daAuts
  Lair:5: 1937 daAuts
   Orc:2: 1925 daAuts
  Lair:3: 1803 daAuts
     D:8: 1781 daAuts
   IceCv: 1719 daAuts
    D:10: 1702 daAuts
  Lair:4: 1645 daAuts
